[Event "FIDE Womens Grand Prix-I 2022-23"]
[Site "Nur-Sultan"]
[Date "2022.09.20"]
[Round "3.1"]
[White "Lagno, Kateryna"]
[Black "Shuvalova, Polina"]
[Result "1-0"]
[ECO "C88"]
[WhiteElo "2547"]
[BlackElo "2510"]
[Annotator "TA"]
[PlyCount "101"]
[EventDate "2022.09.15"]
[EventType "tourn"]
[EventCountry "KAZ"]
[SourceTitle "playchess.com"]
[Source "ChessBase"]
[SourceQuality "1"]
[TimeControl "40/5400+30:1800+30"]

1. e4 e5 2. Nf3 Nc6 3. Bb5 a6 4. Ba4 Nf6 5. O-O Be7 6. Re1 b5 7. Bb3 O-O 8. a4 $1 {[%emt 0:00:21][%mdl 4] is recently more successful than 8.c3.} Rb8 9. c3 {[%emt 0:01:36] CPLX 2.3 33 (a4xb5) (=33)} d6 {[%emt 0:02:45] CPLX 2.3 30 (b5-b4) (=30). C88: Closed Ruy Lopez: Anti-Marshall Systems.} 10. d4 {[%emt 0:06:46] With the idea axb5. CPLX 2.4 24 (a4xb5) (=29)} b4 {[%emt 0:01:17] CPLX 2.9} 11. Nbd2 {[%emt 0:15:22] CPLX 2.9} bxc3 {[%emt 0:08:02] CPLX 2.8. The position is equal.} 12. bxc3 {[%emt 0:00:05] RECAPT} exd4 {[%emt 0:01:14] BESTDEEP} 13. cxd4 {[%emt 0:02:47] [#] RECAPT 4 (Nf3xd4) (=12)} Bg4 $146 {[%emt 0:01:02] CPLX 2.7 19 (d6-d5) (=10)} ({Predecessor:} 13... d5 14. e5 Nh5 15. Bc2 g6 16. Nb3 Ng7 17. h3 Re8 18. a5 Nb4 19. Bb1 Bd7 {½-½ (44) Kuhn,W (1956)-Rockel,J (1983) GER email 2012}) 14. h3 {[%emt 0:09:19] EASY} Bh5 {[%emt 0:00:32] CPLX 3.2} 15. Qc2 {[%emt 0:10:16] CPLX 3.0} Nb4 {[%emt 0:04:16] BESTDEEP} 16. Qc3 {[%emt 0:00:08] CPLX 3.1} Bg6 {[%emt 0:05:26] CPLX 3.0} 17. Ba3 {[%emt 0:21:25] CPLX 2.9} d5 $1 {[%emt 0:02:28][%cal Rf6e4] DEEPSTRONG} 18. e5 {[%emt 0:02:08] EASY} Ne4 {[%emt 0:05:20] CPLX 2.9} 19. Nxe4 {[%emt 0:00:47] EASY} Bxe4 {[%emt 0:02:14] RECAPT} 20. Nd2 {[%emt 0:04:41] CPLX 2.9 13 (Nf3-g5) (=6)} Bg6 {[%emt 0:15:49] CPLX 3.1 14 (Be4-f5) (=5)} 21. Nf3 {[%emt 0:07:53] CPLX 2.6 12 (f2-f4) (=7)} Nd3 {[%emt 0:19:45] RELBLUND 62 (Bg6-e4) (=10)} ({Better is} 21... Be4 $11) 22. Bxe7 $14 {[%emt 0:03:18] CPLX 3.4} Qxe7 {[%emt 0:00:08] RECAPT} 23. Re3 {[%emt 0:00:53] CPLX 3.1} Nf4 {[%emt 0:07:58] [#] White leaves nothing to chance now. CPLX 3.0 84 (Nd3-b4) (=14)} (23... Nb4 $14) 24. g3 $1 $16 {[%emt 0:02:47] DEEPSTRONG=>BLUNDERREACT} Nxh3+ {[%emt 0:03:27] EASY} 25. Kg2 {[%emt 0:00:02] CPLX 2.7} Ng5 {[%emt 0:00:44] BESTDEEP} 26. Nxg5 {[%emt 0:00:18] CPLX 3.1} (26. Bxd5 Rfd8 27. Bc6 Bf5 $16) 26... Qxg5 {[%emt 0:00:06] RECAPT} 27. Bxd5 {[%emt 0:00:14] EASY} Rbd8 {[%emt 0:06:49] CPLX 3.1 52 (Bg6-f5) (=14)} (27... Bf5 $16) 28. Bb7 {[%emt 0:01:42] CPLX 3.3 9 (Bd5-c4) (=5)} Qg4 {[%emt 0:03:13] CPLX 2.9} 29. d5 {[%emt 0:03:47] BESTDEEP} Rfe8 $2 {[%emt 0:06:43] CPLX 3.5 158 (Bg6-f5) (=20)} (29... Bf5 30. Rae1 Rb8) 30. Rae1 $18 {[%emt 0:00:20] BESTDEEP} Re7 {[%emt 0:03:03] CPLX 3.6 75 (Bg6-f5) (=22)} 31. Qc5 {[%emt 0:00:20] CPLX 3.6} Ree8 {[%emt 0:00:34] BESTDEEP} 32. Qxc7 {[%emt 0:01:44] CPLX 3.8 19 (a4-a5) (=5)} h5 {[%emt 0:00:17] CPLX 3.9 52 (Qg4xa4) (=23)} 33. Bc6 {[%emt 0:01:05] CPLX 4.2 123 (e5-e6) (=9)} ({Weaker is} 33. Bxa6 Rxd5 34. Bc4 Rc8 35. Qxc8+ Qxc8 $18) 33... Rf8 {[%emt 0:00:58] BESTDEEP=>BLUNDERREACT} 34. Qe7 {[%emt 0:00:30] CPLX 3.9 13 (d5-d6) (=10)} Qc4 {[%emt 0:00:41] CPLX 4.2} 35. Qh4 {[%emt 0:00:43] BESTDEEP} Qc2 {[%emt 0:00:27] CPLX 3.6 36 (Qc4xh4) (=22)} 36. Qf4 {[%emt 0:02:07] CPLX 3.5} Rb8 {[%emt 0:00:21] CPLX 3.3 38 (Rd8-c8) (=22)} 37. R3e2 {[%emt 0:00:22] CPLX 3.3} Qc3 {[%emt 0:01:25] CPLX 3.3 0 (Qc2-f5) (=21)} 38. Qe3 {[%emt 0:00:23] CPLX 3.3 34 (Re1-c1) (=9)} Bd3 {[%emt 0:00:45] CPLX 3.4 44 (Rb8-b3) (=22)} 39. Rd2 {[%emt 0:01:42] CPLX 3.4 51 (Qe3-f3) (=11)} Rb3 {[%emt 0:00:07] EASY} 40. Red1 {[%emt 0:01:11] CPLX 3.3 71 (Kg2-g1) (=13)} Bc2 {[%emt 0:00:29] CPLX 3.3 6 (Bd3-f5) (=21)} 41. Qxc3 {[%emt 0:31:12] CPLX 3.9} Rxc3 {[%emt 0:01:09] RECAPT} 42. Re1 $36 {[%emt 0:00:00][%cal Bd1e1,Be1e2,Be2e3,Be3b3][%mdl 2080] Keeping Black busy. CPLX 2.6} Rd8 {[%emt 0:04:02] Prevents Bd7. CPLX 2.4 23 (Rf8-b8) (=20)} 43. Ree2 {[%emt 0:00:00] BESTDEEP} Bb3 {[%emt 0:04:21] CPLX 2.5 113 (Bc2-f5) (=23)} (43... Bf5 {was called for.} 44. Rb2 Rc5) 44. Re3 {[%emt 0:00:00] CPLX 2.4=>BLUNDERREACT} Rxc6 {[%emt 0:00:20] BESTDEEP} 45. Rxb3 {[%emt 0:00:00][%mdl 4096] Endgame KRR-KRR. BESTDEEP} ({Resist} 45. dxc6 $6 Rxd2 46. Rxb3 Rc2 $18) 45... Rc4 {[%emt 0:00:15] CPLX 2.2 66 (Rc6-c5) (=24)} 46. f4 {[%emt 0:00:00][%cal Bf2f4,Bf4f5][%mdl 32] BESTDEEP} h4 {[%emt 0:02:20] CPLX 2.1 73 (g7-g5) (=25)} 47. a5 {[%emt 0:00:00] CPLX 2.3 106 (d5-d6) (=13)} hxg3 $2 {[%emt 0:00:51] CPLX 2.3 235 (g7-g5) (=30)} (47... g5 48. d6 gxf4 49. gxh4 Rc5) 48. Kxg3 {[%emt 0:00:00] RECAPT. White is clearly winning.} g5 {[%emt 0:08:56] CPLX 2.0 114 (g7-g6) (=32)} 49. f5 {[%emt 0:00:00] [#] Threatens to win with Re3. BESTDEEP} ({Not} 49. fxg5 Re4 $16) 49... Kf8 {[%emt 0:03:09] BEVAL 400 (Rc4-e4) (=41)} 50. Re3 {[%emt 0:00:00] Inhibits Re4. BEVAL} Rdc8 {[%emt 0:05:53] BEVAL 400 (Rc4-c6) (=50)} 51. d6 {[%emt 0:00:00] Weighted Error Value: White=0.14 (very precise) /Black=0.35} 1-0

[Event "FIDE Womens Grand Prix-I 2022-23"]
[Site "Nur-Sultan"]
[Date "2022.09.20"]
[Round "3.2"]
[White "Kashlinskaya, Alina"]
[Black "Goryachkina, Aleksandra"]
[Result "0-1"]
[ECO "D16"]
[WhiteElo "2504"]
[BlackElo "2579"]
[Annotator "TA"]
[PlyCount "194"]
[EventDate "2022.09.15"]
[EventType "tourn"]
[EventCountry "KAZ"]
[SourceTitle "playchess.com"]
[Source "ChessBase"]
[SourceQuality "1"]
[TimeControl "40/5400+30:1800+30"]

1. d4 d5 2. c4 c6 3. Nf3 Nf6 4. Nc3 dxc4 5. a4 e6 6. e3 c5 7. Bxc4 cxd4 8. exd4 Nc6 9. O-O Be7 10. Qe2 O-O 11. Rd1 Nb4 12. Bg5 a5 13. Ne5 Nfd5 14. Bxe7 Qxe7 15. Ne4 b6 16. Ra3 Bb7 17. Rg3 f6 18. Nd3 Nxd3 19. Qxd3 Rac8 20. Bb3 Nb4 21. Qe2 Bd5 22. Re1 Bxb3 23. Rxb3 Rfd8 24. Rc3 Qd7 25. h3 Nd5 26. Rxc8 Rxc8 27. Ng3 Rc6 28. Nh5 Kf7 29. Ng3 Qc8 30. Qh5+ Kg8 31. Qg4 Rc1 32. Rxc1 Qxc1+ 33. Kh2 Qc6 34. Qe4 g6 35. b3 Kf7 36. Ne2 $1 Ke7 37. g3 Qc7 38. Qh4 $2 (38. Qd3 $11 {and White has nothing to worry.}) 38... Qc2 $1 $19 39. Qg4 (39. Qxh7+ Kd6 40. Ng1 Qxf2+ 41. Kh1 Qxg3 $19) 39... Nc3 (39... Qxb3 40. Nf4 Nxf4 41. Qxf4 $17) 40. Qf3 $2 (40. Nxc3 Qxf2+ 41. Kh1 Qe1+ 42. Kg2 Qxc3 43. Qf3 Qb2+ 44. Kf1 Qxd4 45. Qb7+ Kd6 46. Qxh7) 40... Nxe2 $19 41. Qb7+ Kf8 42. Qxb6 Qd1 43. Kg2 Qxd4 44. Qxe6 Qe5 45. Qc8+ Kf7 46. Qd7+ Kg8 47. Qd8+ (47. Qc8+ $142 Kg7 48. Qb7+ Kh6 49. b4) 47... Kg7 $19 48. Qd7+ Kh6 49. Qd2+ g5 50. Qd8 Nd4 51. Qf8+ Kg6 52. Qg8+ Kf5 $1 53. Qxh7+ Ke6 54. Qg8+ Kd7 ({Don't go for} 54... Kf5 $2 55. Qh7+ Ke6 56. Qg8+ Ke7 57. Qg7+ Ke6 58. Qg8+ $19) 55. Qa8 Qc5 56. Qg8 (56. h4 {was necessary.}) 56... Qc6+ $19 ({But not} 56... Qf5 $2 57. Qf7+ Kd6 58. Qf8+ Ke6 59. Qe8+ Kd5 60. Qa8+ Nc6 61. Qf8 $19) 57. Kg1 Qe6 58. Qh7+ Kc6 59. Qd3 Nxb3 60. h4 (60. Qb5+ $142 Kd6 61. Qb6+ Ke7 62. Qa7+ Kd6 63. Qb6+ Ke7 64. Qa7+ Kd6 65. Kh2) 60... gxh4 $1 $19 61. gxh4 Qg4+ ({Not} 61... Qd5 62. Qc3+ Kd7 63. Qxf6 $19) 62. Kf1 Nc5 63. Qb5+ {[%emt 0:00:00] [#]} Kd5 $1 64. Qxa5 Qxh4 65. Qd8+ (65. Qa8+ $142 Kc4 66. Qc6) 65... Kc4 $19 66. Qc7 Qh1+ 67. Ke2 Qe4+ 68. Kf1 Qd4 $2 (68... f5 $19 {White must now prevent ...f4.} 69. Kg1 f4) 69. a5 $17 Qd1+ 70. Kg2 Qg4+ 71. Kf1 $2 (71. Kh2) 71... Qe6 72. Kg2 {[%emt 0:04:11] [#]} Kb5 $1 73. Qd8 $2 (73. Kg3 Ne4+ 74. Kf4) 73... Nb7 $19 74. Qb8 Qd5+ (74... Qc6+ $142 75. Kg3 Kxa5) 75. Kg3 $2 (75. f3) 75... Kxa5 $19 76. Kf4 Qg5+ (76... Qd6+ $142 77. Qxd6 Nxd6 78. Ke3 Kb5 79. Kf4 Kc4 80. Ke3 Kc3 81. Ke2 Kd4 82. Kf3 Ne4 83. Ke2 Nc5 84. Kf3 Nd3 85. Kg4 Ke4 86. f3+ Ke5 87. Kh4 f5 88. Kh5 f4 89. Kh4 Kd4 90. Kg5 Ke3 91. Kg4 Ke2 92. Kh4 Kxf3 93. Kg5 Ke3 94. Kh5 f3 95. Kg4 f2 96. Kf5 f1=Q+ 97. Ke6 Kd4 98. Kd7 Qf7+ 99. Kc6 Nc5 100. Kb6 Qb7+ 101. Ka5 Qa6+ 102. Kb4 Qa4#) 77. Kf3 Nc5 78. Qb1 Qh5+ 79. Kg3 Qe5+ 80. f4 (80. Kg4 $19) 80... Qe6 (80... Ne4+ $142 81. Kg2 Qxf4 82. Qe1+ Kb6 83. Qb4+ Kc6 84. Qb3 Qg4+ 85. Kh2 Qh4+ 86. Kg2 Qg5+ 87. Kh3 Qh5+ 88. Kg2 Qg4+ 89. Kh2 Qh5+ 90. Kg1 Qe2 91. Qg8 Kc5 92. Qg2 Qd1+ 93. Kh2 Kd4 94. Qh3 Qe2+ 95. Kg1 Qe3+ 96. Kh2 Qxh3+ 97. Kxh3 f5 98. Kh4 Ke3 99. Kh5 f4 100. Kg6 f3 101. Kg7 f2 102. Kf7 f1=Q+ 103. Ke6 Kd4 104. Kd7 Nc5+ 105. Ke8 Kd5 106. Kd8 Kd6 107. Ke8 Ne4 108. Kd8 Qf8#) 81. Qb8 f5 82. Kh4 Qh6+ 83. Kg3 Ne4+ 84. Kg2 Qg6+ 85. Kf1 Qa6+ 86. Ke1 Qb5 87. Qa7+ Kb4 88. Qd4+ Qc4 89. Qb6+ Ka4 90. Qd8 Qc1+ 91. Ke2 Qc2+ 92. Ke1 Qf2+ 93. Kd1 Nc3+ 94. Kc1 Qxf4+ 95. Kc2 Nb5 96. Qf8 Qe4+ 97. Kb2 Qb4+ 0-1

[Event "FIDE Womens Grand Prix-I 2022-23"]
[Site "Nur-Sultan"]
[Date "2022.09.20"]
[Round "3.3"]
[White "Assaubayeva, Bibisara"]
[Black "Vaishali, Rameshbabu"]
[Result "1/2-1/2"]
[ECO "D94"]
[WhiteElo "2439"]
[BlackElo "2449"]
[Annotator "TA"]
[PlyCount "71"]
[EventDate "2022.09.15"]
[EventType "tourn"]
[EventCountry "KAZ"]
[SourceTitle "playchess.com"]
[Source "ChessBase"]
[SourceQuality "1"]
[TimeControl "40/5400+30:1800+30"]

1. d4 Nf6 2. c4 g6 3. Nc3 d5 4. Nf3 Bg7 5. e3 O-O 6. cxd5 Nxd5 7. Bc4 Nb6 8. Bb3 c5 {[%emt 0:00:45] BESTDEEP 8...c5 is better than 8...Nc6.} 9. O-O {[%emt 0:00:08] BESTDEEP. D94: Grünfeld: 4 Nf3 Bg7 5 e3.} Nc6 {[%emt 0:01:55][%cal Rc5d4] CPLX 2.7 10 (c5xd4) (=5)} 10. dxc5 {[%emt 0:04:30] EASY} Nd7 {[%emt 0:00:06] CPLX 3.1} 11. Na4 {[%emt 0:07:07] [#] CPLX 2.5 6 (Nc3-e4) (=2)} b5 $146 {[%emt 0:01:54] BESTDEEP} ({Predecessor:} 11... Qc7 12. Nd4 Nde5 13. Nb5 Qb8 14. Qe2 Bf5 15. e4 a6 16. Nbc3 Nd4 17. Qe3 Be6 {0-1 (40) Harari,Z-Cornelius,P San Francisco 1978}) 12. cxb6 $1 {[%emt 0:00:58] CPLX 2.8} axb6 {[%emt 0:00:31] RECAPT} 13. Qc2 {[%emt 0:17:06] CPLX 2.7 0 (Qd1-d5) (=1)} Na5 {[%emt 0:26:05] BESTDEEP} 14. Rd1 {[%emt 0:12:11] CPLX 2.9} b5 {[%emt 0:05:30] BESTDEEP} 15. Nc3 {[%emt 0:06:16] CPLX 3.6} Bb7 {[%emt 0:33:43] CPLX 3.2 39 (b5-b4) (=6)} 16. Bd5 {[%emt 0:10:35] With the idea Bxb7. CPLX 3.4 20 (e3-e4) (=3)} Qc8 {[%emt 0:03:53] BESTDEEP} 17. Bxb7 {[%emt 0:05:11] CPLX 3.2} Qxb7 {[%emt 0:00:03] RECAPT} 18. Qe4 {[%emt 0:04:14] [#] Hoping for Qxb7. CPLX 2.6 21 (a2-a3) (=5)} Qxe4 {[%emt 0:06:40] CPLX 2.8 0 (Bg7xc3) (=4)} 19. Nxe4 {[%emt 0:00:02] RECAPT} Nb6 {[%emt 0:00:05] CPLX 2.2 9 (Nd7-f6) (=5)} 20. Rb1 {[%emt 0:02:48] CPLX 2.1} Nc6 {[%emt 0:04:26] CPLX 2.1 0 (Ra8-d8) (=4)} 21. a3 {[%emt 0:01:05] CPLX 2.0} Nc4 {[%emt 0:00:20] CPLX 2.0 9 (Rf8-b8) (=5)} 22. Kf1 {[%emt 0:02:54] CPLX 2.2 0 (h2-h3) (=3)} Rfb8 {[%emt 0:01:52] CPLX 2.3 0 (Rf8-c8) (=4)} 23. Nfd2 {[%emt 0:05:47] BESTDEEP} N6e5 {[%emt 0:02:01] BESTDEEP} 24. Ke2 {[%emt 0:01:28] CPLX 2.4 0 (Nd2-b3) (=3)} b4 {[%emt 0:07:08] CPLX 2.8 38 (e7-e6) (=6)} 25. f4 {[%emt 0:04:47] EASY} bxa3 {[%emt 0:01:51] CPLX 3.8} 26. fxe5 {[%emt 0:05:23] EASY} a2 {[%emt 0:00:02] EASY} 27. Ra1 {[%emt 0:00:07] EASY} Nxb2 {[%emt 0:00:04] BESTDEEP} 28. Bxb2 {[%emt 0:03:48] RECAPT} Rxb2 {[%emt 0:00:03] RECAPT} 29. Nc5 {[%emt 0:04:10] CPLX 3.3 4 (Ne4-f2) (=2)} Rc2 {[%emt 0:02:21] CPLX 3.4 5 (Ra8-a3) (=5)} 30. Nd3 {[%emt 0:00:02] CPLX 3.6} Ra3 {[%emt 0:00:05] CPLX 3.3} 31. h3 {[%emt 0:01:33] CPLX 3.5 29 (Rd1-c1) (=3)} (31. Rdc1 $5 Bxe5 32. Rxc2 (32. Nxe5 Rxc1 33. Rxc1 a1=Q $11) 32... Bxa1 33. Nc1 $16 (33. Rc1 $2 Bc3 $19)) 31... f5 {[%emt 0:01:09] CPLX 3.5 17 (Bg7-h6) (=5)} 32. Rdc1 {[%emt 0:00:48] CPLX 3.5 2 (Nd3-b4) (=3)} Bxe5 $1 {[%emt 0:00:23] [#] Strongly threatening ...Rxc1. DEEPSTRONG} (32... Rxc1 $2 33. Nxc1 Rc3 34. Nxa2 $18) 33. Nxe5 {[%emt 0:02:36] MISSDEEP-Rc1xc2 61 (Rc1xc2) (=6)} ({White should play} 33. Rxc2 $14 Bxa1 34. Nb4 (34. Rc1 $2 Bc3 $19)) 33... Rxc1 $11 {[%emt 0:00:04] EASY. The position is equal.} 34. Rxc1 {[%emt 0:00:03] aiming for Ra1. RECAPT} a1=Q {[%emt 0:00:07] CPLX 3.3} 35. Rxa1 {[%emt 0:00:08] EASY} Rxa1 {[%emt 0:00:03] RECAPT} 36. Ndf3 {[%emt 0:01:02] Weighted Error Value: White=0.07 (flawless) /Black=0.06 (flawless)} 1/2-1/2

[Event "FIDE Womens Grand Prix-I 2022-23"]
[Site "Nur-Sultan"]
[Date "2022.09.20"]
[Round "3.4"]
[White "Tan, Zhongyi"]
[Black "Kosteniuk, Alexandra"]
[Result "0-1"]
[ECO "C89"]
[WhiteElo "2525"]
[BlackElo "2521"]
[Annotator "TA"]
[PlyCount "126"]
[EventDate "2022.09.15"]
[EventType "tourn"]
[EventCountry "KAZ"]
[SourceTitle "playchess.com"]
[Source "ChessBase"]
[SourceQuality "1"]
[TimeControl "40/5400+30:1800+30"]

1. e4 e5 2. Nf3 Nc6 3. Bb5 a6 4. Ba4 Nf6 5. O-O Be7 6. Re1 b5 7. Bb3 O-O 8. c3 d5 9. exd5 Nxd5 10. Nxe5 Nxe5 11. Rxe5 Bb7 12. d4 {[%emt 0:01:36] EASY} Bf6 {[%emt 0:00:30] CPLX 2.5. C89: Closed Ruy Lopez: Marshall Attack.} 13. Re1 {[%emt 0:00:45] CPLX 2.7} Qd6 {[%emt 0:03:25] BESTDEEP} 14. Nd2 {[%emt 0:03:43] CPLX 2.7} Rae8 {[%emt 0:04:56] CPLX 2.5 4 (Rf8-e8) (=1). White is slightly better.} 15. Bc2 {[%emt 0:02:31] CPLX 2.8 27 (Nd2-f3) (=7)} Rxe1+ {[%emt 0:00:20] CPLX 2.8 36 (c7-c5) (=10)} 16. Qxe1 {[%emt 0:00:10] RECAPT} Qc6 {[%emt 0:00:26][%cal Od5c3] [#] BESTDEEP} 17. Nf3 $146 {[%emt 0:12:14] CPLX 2.2 41 (Bc2-e4) (=11)} ({Predecessor:} 17. Be4 Re8 18. Qf1 Qb6 19. Bf3 c5 20. c4 bxc4 21. Nxc4 Qc7 22. dxc5 Qxc5 23. Bd2 {1-0 (44) Janous,P (2345)-Tamburro,P ICCF email 2010}) 17... Re8 {[%emt 0:05:43] EASY} 18. Qd1 {[%emt 0:01:09] BESTDEEP} Qd6 {[%emt 0:10:46] BESTDEEP} 19. Bd3 {[%emt 0:03:28] CPLX 2.4 17 (Bc1-d2) (=11)} c5 {[%emt 0:09:27] CPLX 2.4} 20. dxc5 {[%emt 0:07:58] CPLX 2.7} Qxc5 {[%emt 0:03:02] RECAPT} 21. Bd2 {[%emt 0:00:23] CPLX 2.7} g6 {[%emt 0:03:17] CPLX 2.7 0 (Bf6-d8) (=4)} 22. Rc1 {[%emt 0:02:38] CPLX 2.5 0 (a2-a3) (=8)} Qd6 {[%emt 0:03:54] CPLX 2.5} 23. Bf1 {[%emt 0:00:16] CPLX 2.2 0 (Bd2-h6) (=7)} Rd8 {[%emt 0:10:48] CPLX 2.1 0 (Nd5-e7) (=3)} 24. Bh6 {[%emt 0:06:25] CPLX 2.0} Qc7 {[%emt 0:02:24][%cal Od5e3] CPLX 2.2 0 (Qd6-b8) (=3)} 25. Qe1 {[%emt 0:02:04] Against Ne3. BESTDEEP} Nf4 {[%emt 0:01:49] CPLX 2.2} 26. Nd4 {[%emt 0:02:39] CPLX 2.8} Qd6 {[%emt 0:10:21] CPLX 2.9 11 (Nf4-h5) (=3)} 27. Qe3 {[%emt 0:02:18] CPLX 2.9} Nd5 {[%emt 0:02:12] CPLX 3.0 4 (Bf6xd4) (=3)} 28. Qe2 {[%emt 0:03:04] CPLX 2.8 21 (Qe3-d2) (=6)} Be5 {[%emt 0:04:11] BESTDEEP} 29. Re1 {[%emt 0:07:55] CPLX 2.6 45 (h2-h3) (=8)} Bxh2+ {[%emt 0:02:43] EASY} 30. Kh1 {[%emt 0:00:11][%cal Oe2e8] LEGAL} Qb8 {[%emt 0:00:08] CPLX 3.3 0 (Nd5-f6) (=3)} 31. Bg5 {[%emt 0:18:47] CPLX 3.4} Rc8 {[%emt 0:01:09] CPLX 3.3} 32. Qg4 {[%emt 0:00:36][%cal Oa2a4] CPLX 3.1 5 (a2-a3) (=7)} Be5 {[%emt 0:02:29] CPLX 3.3 25 (Bh2-d6) (=4)} 33. Bd3 {[%emt 0:07:29] CPLX 2.9 42 (a2-a4) (=9)} (33. a4 $5) 33... Re8 {[%emt 0:02:14] CPLX 2.9 9 (Be5-g7) (=4)} 34. Re2 {[%emt 0:05:26] CPLX 3.0 3 (Qg4-h4) (=9)} h5 {[%emt 0:06:15] CPLX 2.9 7 (Be5-g7) (=4)} 35. Qd7 {[%emt 0:02:26] [#] And now Be4 would win. CPLX 3.3 9 (Qg4-h4) (=9)} Nb6 {[%emt 0:00:42] EASY} 36. Qh3 {[%emt 0:00:06] EASY} Bd6 {[%emt 0:01:38] CPLX 3.2} 37. f4 {[%emt 0:02:01] CPLX 3.0 41 (b2-b3) (=10)} Rxe2 {[%emt 0:04:29] CPLX 2.9 9 (Nb6-a4) (=4)} 38. Nxe2 {[%emt 0:00:05][%cal Od3g6] Hoping for Bxg6! RECAPT} Qc8 {[%emt 0:01:31] BESTDEEP} 39. f5 {[%emt 0:01:03] CPLX 2.5 27 (Qh3xc8) (=10)} Nc4 $40 {[%emt 0:00:14][%mdl 128] White needs to defend precisely. CPLX 2.7 9 (Nb6-a4) (=4)} 40. Bxc4 {[%emt 0:03:54] MISSDEEP-Bg5-f4 240 (Bg5-f4) (=18)} ({Better is} 40. Bf4 $1 $15) 40... Qxc4 $19 {[%emt 0:00:36] RECAPT} (40... bxc4 41. Bf4 Bc5 42. Nd4 $17) 41. Ng1 {[%emt 0:08:09] EASY} Qd5 {[%emt 0:04:44] CPLX 2.8 114 (Kg8-g7) (=8)} (41... Qxa2 42. fxg6 Qe6 43. gxf7+ Qxf7 44. Be3 $15) (41... Kg7 $19 {Strongly threatening ...f6.} 42. Be3 Qf1 43. Bd4+ f6 44. fxg6 Kxg6) 42. Bf6 $17 {[%emt 0:04:15] CPLX 3.1=>BLUNDERREACT} gxf5 {[%emt 0:00:55] aiming for ...Qd2. Black is more active. CPLX 3.6} ({Stronger than} 42... Qxa2 43. fxg6 Qe6 44. Qxe6 fxe6 45. Nf3 $17) 43. Qf3 {[%emt 0:08:43] CPLX 3.6} Qe4 {[%emt 0:01:09] CPLX 3.5} 44. Qf2 {[%emt 0:01:08] CPLX 3.7} Kh7 {[%emt 0:04:01] BESTDEEP} 45. b3 {[%emt 0:01:48] CPLX 4.0 141 (Ng1-f3) (=19)} (45. Nf3 $17 Kg6 46. Bh4) 45... Kg6 $19 {[%emt 0:03:07] CPLX 4.0=>BLUNDERREACT} 46. Bd4 {[%emt 0:00:07] CPLX 4.6 68 (Bf6-h4) (=21)} h4 {[%emt 0:00:45] CPLX 4.4} 47. Nf3 $2 {[%emt 0:06:45] CPLX 4.5 352 (Qf2-f3) (=30)} (47. Qf3) 47... Bg3 {[%emt 0:01:42] This bishop pair is nice. CPLX 4.6 128 (h4-h3) (=10)} 48. Qd2 {[%emt 0:02:31] Intending Qg5+ and mate. CPLX 4.6 11 (Qf2-e3) (=29)} f6 {[%emt 0:08:17][%cal Oh4h3] Inhibits Qg5+. CPLX 4.6 2 (f5-f4) (=10)} 49. Bf2 {[%emt 0:01:12] BESTDEEP} Bxf2 {[%emt 0:06:46] BESTDEEP} ({And not} 49... Qb1+ 50. Qe1 Qxe1+ 51. Bxe1 $17) 50. Qxf2 {[%emt 0:00:06][%mdl 4096] Endgame KQB-KQN. RECAPT} Kh5 {[%emt 0:00:07][%cal Oh4h3] ...h3! is the strong threat. CPLX 2.7 170 (h4-h3) (=14)} 51. Nd4 {[%emt 0:04:10] CPLX 2.8 0 (Nf3-d2) (=27)} Kg6 {[%emt 0:01:21] CPLX 3.4 200 (h4-h3) (=18)} (51... h3 $1 $19 52. Qf3+ Qxf3 53. gxf3 Kg5 54. Ne6+ Kh4) 52. Kh2 {[%emt 0:00:22] RELBLUND 90 (Nd4-f3) (=29)} (52. Nf3 $1 $11) 52... Bd5 $17 {[%emt 0:00:45] CPLX 3.4} 53. Ne2 {[%emt 0:01:22] CPLX 3.4 115 (Qf2-d2) (=31)} (53. Qd2 $17 {was called for.}) 53... Kg5 $19 {[%emt 0:00:24] CPLX 3.0=>BLUNDERREACT} 54. Nd4 {[%emt 0:00:40] CPLX 3.9 9 (Kh2-g1) (=30)} Kg4 {[%emt 0:02:45] CPLX 4.7 39 (Qe4-f4) (=18)} 55. Kg1 {[%emt 0:00:46][%cal Oc3c4] CPLX 4.9 32 (c3-c4) (=30)} f4 {[%emt 0:00:49] White must now prevent ...Qb1+. CPLX 4.6 74 (Qe4-b1) (=19)} 56. Kh2 $2 {[%emt 0:00:15][%mdl 8192] MISSDEEP-Qf2-f1 400 (Qf2-f1) (=39)} (56. Qf1 $17 {was the crucial defense.}) 56... Qe3 {[%emt 0:00:15] BESTDEEP} 57. Qc2 {[%emt 0:00:32] [#] RELBLUND 400 (Qf2-f1) (=46)} (57. Qf1 $19 Qg3+ 58. Kg1) 57... Qg3+ $1 {[%emt 0:00:30] DEEPSTRONG=>BLUNDERREACT} ({Weaker is} 57... Be4 58. Qd1+ Kg5 59. Nf3+ Bxf3 60. Qxf3 $15) 58. Kg1 {[%emt 0:00:12] RELBLUND} Qe1+ {[%emt 0:00:03] EASY} 59. Kh2 {[%emt 0:00:04][%csl Gd4][%cal Rc2f5] LEGAL} Be4 {[%emt 0:00:15] Against Qf5+. EASY} 60. Qb2 {[%emt 0:00:31] MISS-Qc2-e2 400 (Qc2-e2) (=52)} Qg3+ {[%emt 0:00:23] CPLX 4.5 3 (h4-h3) (=17)} 61. Kg1 {[%emt 0:00:04] RELBLUND} f3 {[%emt 0:01:44][%cal Bf4f3,Bf3f2][%mdl 32] CPLX 5.0} 62. c4 {[%emt 0:00:04] MISSDEEP-Nd4xf3 400 (Nd4xf3) (=58)} Qe1+ {[%emt 0:00:17] EASY} 63. Kh2 {[%emt 0:00:06] LEGAL} f2 {[%emt 0:00:42] Weighted Error Value: White=0.69/Black=0.20 (precise)} 0-1